 Dungeon Sprint DCSS version 0.31-a0-437-g7cee417757 (console) character file.

Game seed: 2968515300871062639

2179 Lexodia the Unseen (level 9, -8/34 HPs)
             Began as a Felid Enchanter on Aug 2, 2023.
             Was a High Priest of Wu Jian.
             Killed from afar by a gargoyle (15 damage)
             ... with a stone arrow
             ... in the Dungeon (Sprint I: "Red Sonja").
             The game lasted 00:04:20 (282 turns).

Lexodia the Unseen (Felid Enchanter)                 Turns: 282, Time: 00:04:20

Health: -8/34      AC:  2    Str:  4    XL:     9   Next: 11%
Magic:  14/14      EV: 18    Int: 16    God:    Wu Jian [*****.]
Gold:   758        SH:  0    Dex: 22    Spells: 6/14 levels left
                                        Lives:  0   Deaths: 2

rFire   . .          .
                       - Unarmed
rCold   . . .        (shield unavailable)
rNeg    . . .        (body armour unavailable)
rPois   .            (helmet unavailable)
rElec   .            (cloak unavailable)
rCorr   .            (gloves unavailable)
SInv    +            (boots unavailable)
Will    +....        (no amulet)
Stlth   ++++++++     (no ring)
HPRegen 0.25/turn    (no ring)
MPRegen 0.14/turn

%: no teleportation
@: quick
A: very small, claws 1, fangs 3, see invisible, speed 1, shaggy fur 2, stealthy
paws, no weapons or thrown items, no armour, multi-lived
a: Renounce Religion, Wall Jump, Serpent's Lash, Heavenly Storm


You were in the Dungeon.
You worshipped Wu Jian.
Wu Jian was extremely pleased with you.
You visited 1 branch You collected 758 gold pieces.

Inventory:

Wands
 f - a wand of flame (43)
Scrolls
 g - a scroll of blinking
 h - a scroll of poison {unknown}
Potions
 b - a potion of curing
 e - 2 potions of magic


   Skills:
 - Level 2.6 Dodging
 + Level 20.1 Stealth
 + Level 14.3 Unarmed Combat
 - Level 3.0 Spellcasting
 + Level 16.5 Hexes
 + Level 10.5 Ice Magic


You had 6 spell levels left.
You knew the following spells:

 Your Spells              Type           Power      Damage    Failure   Level
a - Ensorcelled Hibernat  Hex/Ice        90%        N/A       1%          2
b - Confusing Touch       Hex            53%        N/A       1%          3
c - Tukima's Dance        Hex            53%        N/A       1%          3

Your spell library contained the following spells:

 Spells                   Type           Power      Damage    Failure   Level
 Dazzling Flash           Conj/Hex       56%        N/A       1%          3


Dungeon Overview and Level Annotations

Branches:
Dungeon (1/1)

Altars:
Cheibriados
Dithmenos
Elyvilon
Fedhas
Gozag
Hepliaklqana
Kikubaaqudgha
Makhleb
Nemelex Xobeh
Okawaru
Qazlal
Ru
Sif Muna
Trog
Uskayaw
Vehumet
Wu Jian
Xom
Yredelemnul
Zin
The Shining One
Jiyva
Lugonu

Shops:
D (


Innate Abilities, Weirdness & Mutations

You have sharp claws.
You have razor-sharp teeth.
You have supernaturally acute eyesight. (SInv)
You cover ground quickly. (Speed+)
You are covered in thick fur. (AC +2)
Your paws help you pounce on unaware monsters.
You are incapable of wielding weapons or throwing items.
You cannot wear armour.
You gain extra lives every three experience levels.


Message History

Ouch! That really hurt!
You die...
You are now level 8!
You rejoin the land of the living...
Found 27 gold pieces.
You now have 704 gold pieces (gained 27).
Found 27 gold pieces.
You now have 731 gold pieces (gained 27).
Found 27 gold pieces.
You are engulfed in freezing vapours.
Huge Dmg: -35%(-11hp) hp: 65%(20hp)
Found 27 gold pieces.
Found 54 gold pieces.
You see here the felid corpse of Lexodia.
You lunge at the lorocyproca.
You pounce on the unaware helpless lorocyproca!
You eviscerate the lorocyproca!!!!!
You kill the lorocyproca!
The Council accepts your kill.
You can now summon a storm of heavenly clouds to empower your attacks.
Your Stealth skill increases to level 20!
Welcome back to level 9!
There is a large open door here.
You are engulfed in freezing vapours.
You see here 27 gold pieces.
Huge Dmg: -29%(-10hp) hp: 39%(13hp)
You see here 27 gold pieces.
You see here 27 gold pieces.
You see here 27 gold pieces.
Press: ? - help, v - describe, . - travel A rock wall.
You now have 758 gold pieces (gained 27).
As you open the door, it creaks loudly!
A gargoyle comes into view. It is wielding a +0 mace.
The meliai buzzes angrily.
The meliai invokes the aid of its god against you.
Something smites you!
* * * LOW HITPOINT WARNING * * *
The gargoyle hurls a stone arrow at you.
The stone arrow hits you!
You die...

#############################
#__#..'..)#[.#§§§.☼§§§☼§○§G$#
'..'..#...##'#§####☼§☼§G##§.+
#__####)..§§.#§# ###☼§☼## ###
#### #####§§'.#+#$###D# $[##
# ##+####...#y#☼##$$$# +
#...○.#..$###☼☼###$# #
#.....'@.$°°##x#A#$# #
###.9.#...°.#§§###$# #°☼
###''##x##..$# #○ #.†###§x
+### # ####..###..
#$°#[°#$###x #$$$°.....#.#
#$$$$°....# # +$$$○$$####


You could see a gargoyle and a meliai.

Vanquished Creatures
  A lorocyproca (D)
  4 demonic crawlers (D)
  A lindwurm (D)
  2 kobold demonologists (D)
  Sigmund (D)
  A slime creature (D)
  A yak (D)
  13 hogs (D)
  A floating eye (D)
  An ogre (D)
  A jelly (D)
  Ijyb (D)
28 creatures vanquished.

Notes
Turn   | Place    | Note
-------+----------+-------------------------------------------
     0 | D        | Lexodia the Felid Enchanter began the quest for the Orb.
     0 | D        | Reached XP level 1. HP: 7/7 MP: 4/4
     1 | D        | Noticed Ijyb
     8 | D        | Noticed an ogre
    15 | D        | Killed an ogre
    16 | D        | Reached skill level 9 in Stealth
    16 | D        | Reached skill level 5 in Unarmed Combat
    16 | D        | Reached XP level 2. HP: 11/11 MP: 6/6
    16 | D        | Reached XP level 3. HP: 14/14 MP: 7/7
    16 | D        | Reached XP level 4. HP: 18/18 MP: 8/8
    16 | D        | Killed Ijyb
    17 | D        | Reached skill level 10 in Stealth
    18 | D        | Noticed Sigmund
    21 | D        | Huge Dmg: 8 dmg
    21 | D        | Killed Sigmund
    22 | D        | Reached skill level 13 in Stealth
    22 | D        | Reached XP level 5. HP: 21/21 MP: 9/9
    22 | D        | Gained mutation: You are covered in thick fur. (AC +2)
                  | [Felid growth]
    22 | D        | Reached XP level 6. HP: 24/24 MP: 10/10
    24 | D        | Huge Dmg: 8 dmg
    27 | D        | Learned a level 2 spell: Ensorcelled Hibernation
    31 | D        | Learned a level 3 spell: Confusing Touch
    35 | D        | Learned a level 3 spell: Tukima's Dance
    70 | D        | Found an ornate altar of the Wu Jian Council.
    70 | D        | Found a shimmering blue altar of Sif Muna.
    72 | D        | Found a radiant altar of Vehumet.
    75 | D        | Became a worshipper of the Wu Jian Council
    78 | D        | Reached skill level 1 in Ice Magic
    81 | D        | Found Celuuggi's Antique Weapon Emporium.
    81 | D        | Found an ancient bone altar of Kikubaaqudgha.
    81 | D        | Found a hazy altar of Hepliaklqana.
    81 | D        | Found a stormy altar of Qazlal.
    81 | D        | Found a hide-covered altar of Uskayaw.
    81 | D        | Found a blossoming altar of Fedhas.
    81 | D        | Found a bloodstained altar of Trog.
    81 | D        | Found an iron altar of Okawaru.
    81 | D        | Found a basalt altar of Yredelemnul.
    81 | D        | Found a glowing golden altar of the Shining One.
    81 | D        | Found a snail-covered altar of Cheibriados.
    81 | D        | Found a sacrificial altar of Ru.
    81 | D        | Found a glowing silver altar of Zin.
    81 | D        | Found a shadowy altar of Dithmenos.
    81 | D        | Found a white marble altar of Elyvilon.
    81 | D        | Noticed a yak
    82 | D        | Found an opulent altar of Gozag.
    82 | D        | Killed a yak
    83 | D        | Found a sparkling altar of Nemelex Xobeh.
   115 | D        | Found a burning altar of Makhleb.
   115 | D        | Found a viscous altar of Jiyva.
   115 | D        | Found a shimmering altar of Xom.
   115 | D        | Found a corrupted altar of Lugonu.
   115 | D        | Noticed a slime creature
   117 | D        | Killed a slime creature
   117 | D        | Reached * piety under Wu Jian
   118 | D        | Reached skill level 14 in Stealth
   118 | D        | Reached XP level 7. HP: 27/27 MP: 9/12
   153 | D        | Noticed a kobold demonologist
   154 | D        | Noticed a kobold demonologist
   156 | D        | Killed a kobold demonologist
   157 | D        | Reached skill level 15 in Stealth
   157 | D        | Reached skill level 10 in Unarmed Combat
   157 | D        | Reached skill level 5 in Ice Magic
   159 | D        | Killed a kobold demonologist
   159 | D        | Reached ** piety under Wu Jian
   160 | D        | Reached skill level 10 in Hexes
   160 | D        | Reached XP level 8. HP: 31/31 MP: 13/13
   165 | D        | Noticed a demonic crawler
   165 | D        | Noticed a demonic crawler
   165 | D        | Noticed a demonic crawler
   165 | D        | Noticed a demonic crawler
   166 | D        | Killed a demonic crawler
   167 | D        | Reached skill level 16 in Stealth
   167 | D        | Killed a demonic crawler
   167 | D        | Killed a demonic crawler
   167 | D        | Reached *** piety under Wu Jian
   168 | D        | Reached skill level 18 in Stealth
   168 | D        | Reached XP level 9. HP: 34/34 MP: 14/14
   168 | D        | Killed a demonic crawler
   184 | D        | Noticed a lindwurm
   185 | D        | Killed a lindwurm
   186 | D        | Reached XP level 10. HP: 37/37 MP: 15/15
   196 | D        | Reached **** piety under Wu Jian
   196 | D        | Reached skill level 19 in Stealth
   196 | D        | Reached skill level 15 in Hexes
   197 | D        | Huge Dmg: 8 dmg
   198 | D        | Huge Dmg: 9 dmg
   199 | D        | Huge Dmg: 5 dmg
   201 | D        | Huge Dmg: 12 dmg
   204 | D        | Huge Dmg: 11 dmg
   205 | D        | Reached ***** piety under Wu Jian
   210 | D        | Reached skill level 10 in Ice Magic
   211 | D        | Huge Dmg: 12 dmg
   220 | D        | Noticed a 12-headed hydra
   228 | D        | Noticed a daeva
   231 | D        | Killed from afar by a daeva
   232 | D        | Reached XP level 9. HP: -1/34 MP: 14/14
   246 | D        | Huge Dmg: 14 dmg
   265 | D        | Huge Dmg: 8 dmg
   265 | D        | Noticed a meliai
   265 | D        | Noticed a lorocyproca
   265 | D        | Engulfed by a cloud of freezing vapour
   266 | D        | Reached XP level 8. HP: -13/31 MP: 13/13
   271 | D        | Huge Dmg: 11 dmg
   273 | D        | Killed a lorocyproca
   274 | D        | Reached skill level 20 in Stealth
   274 | D        | Reached XP level 9. HP: 23/34 MP: 14/14
   276 | D        | Huge Dmg: 10 dmg
   282 | D        | Noticed a gargoyle
   282 | D        | Killed from afar by a gargoyle

Illustrated notes

Levels and vault maps discovered:
D:        dungeon_sprint_1 [red_sonja_temple_1, red_sonja_temple_small_1]

Skill      XL: |  1  2  3  4  5  6  7  8  9 10 |
---------------+-------------------------------+-----
Stealth        | 9 13 14 15 20 19 | 20.1
Unarmed Combat | 5 8 9 11 12 13 14 | 14.3
Ice Magic      | 3 5 8 9 10 | 10.5
Spellcasting   | 3 |  3.0
Hexes          | 7 10 13 14 16 | 16.5
Dodging        | |  2.6

Action                     |  1- 3 |  4- 6 |  7- 9 | 10-12 || total
---------------------------+-------+-------+-------+-------++-------
  Melee: Unarmed           |     6 |     6 |     9 |    34 ||    55
         Bite              |       |       |       |     4 ||     4
   Cast: Ensorcelled Hiber |       |     2 |       |       ||     2
 Invoke: Serpent's Lash    |       |       |       |     2 ||     2
         Heavenly Storm    |       |       |       |     1 ||     1
Ability: Lunge             |       |     2 |     5 |     4 ||    11
         Whirlwind         |       |       |     1 |    19 ||    20
         Wall Jump         |       |       |       |     1 ||     1
    Use: Potion            |     2 |       |       |     3 ||     5
   Stab: Invisible         |     3 |     2 |       |     2 ||     7
         Sleeping          |     1 |     3 |     9 |     6 ||    19
  Dodge: Dodged            |     5 |     2 |       |    35 ||    42

Table legend: (Time is in decaauts)
 A = Elapsed time spent in this place.
 B = Non-inter-level travel time spent in this place.
 C = Inter-level travel time spent in this place.
 D = Time resting spent in this place.
 E = Time spent auto-exploring this place.
 F = Levels seen in this place.
 G = Mean time per level.
                   A        B        C        D        E       F      G
               +--------+--------+--------+--------+--------+-----+--------+
         Total |    253 |    253 |      0 |     12 |     90 |   1 |  253.0 |
       Dungeon |    253 |    253 |      0 |     12 |     90 |   1 |  253.0 |
               +--------+--------+--------+--------+--------+-----+--------+

Top non-repeatable levels by time:
       D: 253 daAuts
